 Dungeon Crawl Stone Soup version 0.17-a0-1393-gcb420ff (webtiles) character file.

4233 bal the Covert (level 10, -2/51 HPs)
             Began as a Vine Stalker Monk on June 16, 2015.
             Was a High Priest of Ru.
             Killed from afar by an electric eel (10 damage)
             ... with a bolt of electricity
             ... on level 8 of the Dungeon.
             The game lasted 00:42:43 (7640 turns).

bal the Covert (Vine Stalker Monk)                  Turns: 7640, Time: 00:42:45

Health: -2/51      AC:  6    Str: 15    XL:     10   Next: 30%
Magic:  0/11       EV: 17    Int: 10    God:    Ru [*****.]
Gold:   570        SH:  0    Dex: 19    Spells: 0 memorised, 9 levels left

rFire  + . .     SeeInvis .     j - +0 dagger (elec)
rCold  . . .     Clarity  .     D - +2 robe {rF+}
rNeg   . . .     SustAt   .     (no shield)
rPois  .         Gourm    .     n - +1 helmet
rElec  .         Spirit   +     (no cloak)
rCorr  .         Warding  .     (no gloves)
rMut   .         Stasis   .     (no boots)
MR     +....                    (no amulet)
Stlth  ++++++....               (no ring)
                                d - ring of stealth

@: about to teleport, no potions, somewhat resistant to hostile enchantments,
very stealthy
A: fangs 3, regeneration 2, magic shield, antimagic bite, no device heal 3, rot
immunity, inability to drink while threatened, no necromancy magic, no poison
magic, no summoning magic, unskilled 1, inexperienced 1
a: Draw Out Power, Power Leap, Apocalypse, Renounce Religion


You were on level 8 of the Dungeon.
You worshipped Ru.
Ru was extremely pleased with you.
You were not hungry.

You visited 1 branch of the dungeon, and saw 8 of its levels.

You collected 570 gold pieces.

Inventory:

Hand weapons
 i - a cursed -3 hunting sling
 j - a +0 dagger of electrocution (weapon)
 C - a +0 dagger of draining
Armour
 a - a +0 robe
 n - a +1 helmet (worn)
 t - a +0 scale mail of poison resistance
 D - a +2 robe of fire resistance (worn)
Magical staves
 c - an uncursed staff of conjuration {unknown}
 r - an uncursed staff of summoning
Jewellery
 d - a ring of stealth (left hand)
 g - an uncursed ring of protection from cold
 z - an uncursed ring of protection from cold
Magical devices
 k - a wand of draining (0)
 p - a wand of enslavement (0)
 s - a wand of fireball (0)
 u - a wand of hasting (0)
Scrolls
 f - a scroll of teleportation
 h - 2 scrolls of magic mapping
 m - a scroll of random uselessness
 w - 2 scrolls of identify
 x - 2 scrolls of remove curse
 y - a scroll of enchant armour
 A - a scroll of fear
Potions
 e - 2 potions of agility
 o - 4 potions of curing
 B - a potion of lignification {unknown}
 E - a potion of invisibility
Books
 F - a book of Dreams

   Spells                             Type                      Level
   a - Ensorcelled Hibernation        Hexes/Ice                    2
   b - Phase Shift                    Translocation                5
   c - Shadow Creatures               Summoning                    5
   d - Silence                        Hexes/Air                    5
   e - Mass Confusion                 Hexes                        6
   f - Darkness                       Hexes                        7
Comestibles
 b - 2 bread rations
 l - a royal jelly
 q - 4 beef jerkies
 v - 4 meat rations
 G - a slice of pizza


   Skills:
 + Level 5.1 Fighting
 * Level 4.6 Short Blades
 + Level 6.8 Dodging
 + Level 10.3 Stealth
 + Level 4.5 Unarmed Combat
 + Level 1.0 Evocations


You had 9 spell levels left.
You didn't know any spells.

Dungeon Overview and Level Annotations

Branches:
Dungeon (8/15)             Temple (0/1) D:7
   Lair: D:8-11

Altars:
Ashenzari
Cheibriados
Elyvilon
Nemelex Xobeh
Ru
Yredelemnul
Zin
The Shining One

Annotations:
D:3 OrbSeeker's ghost, average HOGl


Innate Abilities, Weirdness & Mutations

You have razor-sharp teeth.
You heal very quickly.
When hurt, damage is shared between your health and your magic reserves.
Your bite disrupts and absorbs the magic of your enemies.
Potions and wands cannot restore your health.
You are immune to rotting.
You cannot drink potions while threatened.
You cannot study or cast Necromancy magic.
You cannot study or cast Poison magic.
You cannot study or cast Summoning magic.
You are somewhat unskilled (-1 Apt).
You are somewhat inexperienced (-2 XL).


Message History

The bolt of electricity hits the plant.
The bolt of electricity hits you!
The bolt of electricity hits the bat.
The bat dies!
The bat misses you.
The snapping turtle completely misses you.
The electric eel shoots out a bolt of lightning at you!
The bolt of electricity hits the plant.
The bolt of electricity misses you.
The electric eel shoots out a bolt of lightning at you!
The bolt of electricity hits you!
* * * LOW HITPOINT WARNING * * *
A snapping turtle comes into view.
Read which item? (? for menu, Esc to quit)
As you read the scroll of teleportation, it crumbles to dust.
You feel strangely unstable. The bat misses you.
The snapping turtle closely misses you.
The snapping turtle bites you from afar!
* * * LOW HITPOINT WARNING * * *
The electric eel shoots out a bolt of lightning at you!
The bolt of electricity hits the plant.
The bolt of electricity hits you!
You die...

...#..#
≈≈≈≈≈≈≈≈#≈##≈##......
......#
≈≈≈≈≈≈≈≈≈≈≈≈≈#≈##..####.
......#
≈≈t≈≈≈≈≈≈≈≈≈≈≈##..## #.
......#
≈≈;≈≈...≈≈≈≈≈≈≈#..# ##)
......#
≈≈≈≈..♣..≈≈≈≈≈≈...####..
......#
≈≈≈..P.♣..≈≈≈≈≈##.......
.#....#
≈≈≈....♣P.≈≈≈≈###....##.
......#
≈≈≈.♣.P.♣.≈≈≈≈##....###.
......#
≈≈≈≈..♣@b≈≈≈≈###..♣♣♣ ♣♣
......# ≈≈≈≈≈...≈≈≈≈≈#
#.♣♣ ......#
≈≈;;≈t≈t†≈≈≈≈##≈.
......#
≈≈≈≈≈≈≈≈≈≈≈≈≈#≈#.
..#...#
≈≈.≈≈≈≈≈≈≈≈≈≈≈≈#.
..#...# #≈≈≈≈≈≈≈≈≈≈≈≈≈≈#
#.....# #≈≈≈≈≈≈;≈≈#≈≈≈≈#
#..(..#
≈≈≈≈≈≈≈≈≈≈#≈≈≈≈##♣
......#
≈≈≈≈≈≈≈.≈##≈≈≈≈#.#♣♣♣♣♣♣


You could see 3 snapping turtles, 4 electric eels and a bat.

Vanquished Creatures
  Grinder (D:5)
  A water moccasin (D:8)
  Sigmund (D:4)
  The ghost of OrbSeeker the Skirmisher, an average HOGl of Fedhas (D:5)
  2 wraiths (D:8)
  Grum (D:8)
  A hippogriff (D:6)
  2 wolves (D:8)
  A phantom (D:5)
  A black bear (D:6)
  An orc warrior (D:8)
  An ice beast (D:6)
  3 necrophages (D:8)
  3 ogres
  3 centaurs
  An elf zombie (D:8)
  Blork the orc (D:5)
  A big kobold (D:8)
  An elf skeleton (D:8)
  A wyvern zombie (D:8)
  2 scorpions (D:7)
  A troll zombie (D:8)
  5 wights
  3 killer bees (D:8)
  An electric eel (D:8)
  A crimson imp (D:8)
  4 hounds
  A centaur zombie (D:6)
  An orc priest (D:7)
  2 centaur skeletons
  2 human zombies (D:8)
  A human skeleton (D:8)
  6 orc wizards
  3 worker ants
  A hell rat (D:7)
  A hound zombie (D:5)
  Robin (D:2)
  A worker ant zombie (D:7)
  6 river rats (D:7)
  6 adders
  2 oozes
  3 worms
  An adder skeleton (D:7)
  3 giant geckos
  18 orcs
  A bat zombie (D:6)
  7 giant cockroaches
  16 hobgoblins
  2 quokkas
  5 bats
  A giant gecko skeleton (D:4)
  2 giant newts
  13 goblins
  3 jackals (D:3)
  A jackal zombie (D:8)
  18 kobolds
  39 rats
  A fungus (D:2)
  A plant (D:2)
214 creatures vanquished.

Vanquished Creatures (collateral kills)
  A bat (D:8)
1 creature vanquished.

Vanquished Creatures (others)
  A wolf (D:8)
  A shadow imp (D:6)
  2 bats (D:8)
  A rat (D:6)
5 creatures vanquished.

Grand Total: 220 creatures vanquished

Notes
Turn   | Place    | Note
--------------------------------------------------------------
     0 | D:1      | bal the Vine Stalker Monk began the quest for the Orb.
     0 | D:1      | Reached XP level 1. HP: 11/11 MP: 2/2
   436 | D:1      | Reached XP level 2. HP: 13/16 MP: 3/3
   877 | D:2      | Reached XP level 3. HP: 14/19 MP: 2/4
   950 | D:2      | Found a glowing silver altar of Zin.
  1158 | D:2      | Noticed Robin
  1225 | D:2      | Killed Robin
  1225 | D:2      | Reached XP level 4. HP: 16/24 MP: 5/5
  1310 | D:2      | Found a sacrificial altar of Ru.
  1477 | D:2      | Became a worshipper of Ru the Awakened
  1488 | D:2      | Gained mutation: You are somewhat inexperienced (-2 XL). [Ru sacrifice]
  1488 | D:2      | Reached XP level 3. HP: 20/20 MP: 4/4
  1488 | D:2      | Reached XP level 2. HP: 16/16 MP: 3/3
  1488 | D:2      | Acquired Ru's first power
  2025 | D:3      | Reached XP level 3. HP: 13/20 MP: 4/4
  2035 | D:3      | Noticed OrbSeeker's ghost (average HOGl)
  2037 | D:3      | Reached XP level 4. HP: 19/24 MP: 5/5
  2139 | D:3      | Reached XP level 5. HP: 5/28 MP: 6/6
  2372 | D:3      | Found a snail-covered altar of Cheibriados.
  2701 | D:3      | Noticed an ogre
  2706 | D:3      | Killed an ogre
  2706 | D:3      | Reached skill level 5 in Unarmed Combat
  2801 | D:4      | Gained mutation: You heal very quickly. [Vine Stalker growth]
  2801 | D:4      | Reached XP level 6. HP: 29/33 MP: 7/7
  2963 | D:4      | Found a shattered altar of Ashenzari.
  2987 | D:4      | Noticed an ogre
  2990 | D:4      | Noticed Sigmund
  2994 | D:4      | Killed an ogre
  3020 | D:4      | Killed Sigmund
  3020 | D:4      | Reached skill level 1 in Short Blades
  3020 | D:4      | Reached XP level 7. HP: 15/37 MP: 8/8
  3409 | D:5      | Entered Level 5 of the Dungeon
  3687 | D:5      | Gained mutation: You are somewhat unskilled (-1 Apt). [Ru sacrifice]
  3687 | D:5      | Acquired Ru's second power
  3687 | D:5      | Acquired Ru's third power
  3726 | D:5      | Noticed Blork the orc
  3753 | D:5      | Killed Blork the orc
  3840 | D:5      | Killed OrbSeeker's ghost
  3840 | D:5      | Reached skill level 5 in Stealth
  3946 | D:5      | Noticed Grinder
  3962 | D:5      | Killed Grinder
  3962 | D:5      | Reached skill level 5 in Dodging
  3962 | D:5      | Gained mutation: You have razor-sharp teeth. [Vine Stalker growth]
  3962 | D:5      | Reached XP level 8. HP: 27/42 MP: 6/9
  4124 | D:6      | Found a white marble altar of Elyvilon.
  4202 | D:6      | Reached skill level 6 in Stealth
  4613 | D:6      | Reached skill level 7 in Stealth
  4653 | D:6      | Reached XP level 9. HP: 38/45 MP: 10/10
  4833 | D:6      | Found a glowing golden altar of the Shining One.
  5135 | D:7      | Gained mutation: You cannot study or cast Poison magic. [Ru sacrifice]
  5135 | D:7      | Gained mutation: You cannot study or cast Necromancy magic. [Ru sacrifice]
  5135 | D:7      | Gained mutation: You cannot study or cast Summoning magic. [Ru sacrifice]
  5135 | D:7      | Acquired Ru's fourth power
  5240 | D:7      | Found a sparkling altar of Nemelex Xobeh.
  5328 | D:7      | Found a staircase to the Ecumenical Temple.
  5409 | D:7      | Reached skill level 8 in Stealth
  6289 | D:8      | Gained mutation: You cannot drink potions while threatened. [Ru sacrifice]
  6289 | D:8      | Acquired Ru's fifth power
  6391 | D:8      | Noticed Grum
  6413 | D:8      | HP: 1/46 [wolf[Grum] (4)]
  6803 | D:8      | Killed Grum
  6803 | D:8      | Reached skill level 9 in Stealth
  7223 | D:8      | Reached XP level 10. HP: 49/51 MP: 11/11
  7266 | D:8      | Reached skill level 5 in Fighting
  7276 | D:8      | Reached skill level 10 in Stealth
  7276 | D:8      | Reached skill level 1 in Evocations
  7285 | D:8      | Found a basalt altar of Yredelemnul.
  7640 | D:8      | Killed from afar by an electric eel

Vault maps used:
D:1:      dpeg_arrival_pits, minmay_misc_feat_square, minmay_misc_feat_cross
D:2:      zin_scriptorium, serial_forest, infiniplex_forest_lined_room_2,
          infiniplex_forest_corner_2, infiniplex_forest_end_3,
          infiniplex_forest_lined_corner, infiniplex_forest_corner_1,
          infiniplex_forest_end_1, nicolae_ru_the_path_less_chosen, uniq_robin
D:3:      cheibriados_altar_1, grunt_ministairs_14, minmay_misc_feat_x
D:4:      lemuel_upstairs_altar, old_standard_altar, first_bread, uniq_sigmund
D:5:      uniq_grinder, uniq_blork_the_orc
D:6:      tso_oasis_becter, old_standard_altar, lemuel_flamethrower_2
D:7:      lemuel_ratsnest, lemuel_round_altar, temple_statues
D:8:      wad_bat_island, lemuel_mausoleum_altar_yredelemnul,
          hangedman_tree_tricks, st_stairs_4, grunt_ministairs_8,
          minmay_evil_grid, uniq_grum

Action                   |  1- 3 |  4- 6 |  7- 9 | 10-12 || total
-------------------------+-------+-------+-------+-------++-------
Melee: Unarmed           |    78 |       |       |       ||    78
       Dagger            |    52 |   107 |   306 |    60 ||   525
Invok: Sacrifice Experie |     1 |       |       |       ||     1
       Sacrifice Skill   |       |       |     1 |       ||     1
       Sacrifice Drink   |       |       |     1 |       ||     1
       Sacrifice Arcana  |       |       |     1 |       ||     1
Evoke: Wand              |       |       |    12 |       ||    12
  Use: Scroll            |       |     6 |     7 |     2 ||    15
       Potion            |       |     5 |     6 |       ||    11
 Stab: Sleeping          |     5 |     1 |    29 |     9 ||    44
       Invisible         |       |       |     7 |       ||     7
  Eat: Chunk             |     3 |     2 |       |       ||     5
       Fruit             |       |     1 |       |       ||     1
       Bread ration      |       |     1 |     3 |       ||     4
